 Dungeon Crawl Stone Soup version 0.27-a0-1384-g1422d76b99 (webtiles) character file.

Game seed: 10202020024168471096

98 wesbby the Covered (level 4, 0/28 HPs)
             Began as a Gargoyle Fighter on June 30, 2021.
             Was a Follower of Uskayaw.
             Slain by an adder (4 damage)
             ... on level 2 of the Dungeon.
             The game lasted 00:05:53 (2061 turns).

wesbby the Covered (Gargoyle Fighter)               Turns: 2061, Time: 00:05:53

Health: 0/28       AC: 10    Str: 20    XL:     4   Next: 69%
Magic:  4/4        EV:  7    Int:  9    God:    Uskayaw [*.....]
Gold:   31         SH:  9    Dex:  9    Spells: 3/3 levels left

rFire    . . .     SeeInvis .   g - +0 spear
rCold    . . .     Faith    .   c - +0 kite shield
rNeg     + . .     Spirit   .   b - +0 scale mail
rPois    ∞         Reflect  .   (no helmet)
rElec    +         Harm     .   (no cloak)
rCorr    .         Rampage  .   (no gloves)
Will     .....                  (no boots)
Stlth    ..........             (no amulet)
HPRegen  0.09/turn              (no ring)
MPRegen  0.09/turn              (no ring)

@: mighty
A: sickness immunity, AC +3, negative energy resistance 1, electricity
resistance, torment resistance 1, petrification resistance
a: Renounce Religion, Stomp


You were on level 2 of the Dungeon.
You worshipped Uskayaw.
Uskayaw was noncommittal.
You visited 1 branch of the dungeon, and saw 3 of its levels.

You collected 31 gold pieces.

Inventory:

Hand Weapons
 a - a +0 trident
 g - a +0 spear (weapon)
Missiles
 e - a throwing net (quivered)
Armour
 b - a +0 scale mail (worn)
 c - a +0 kite shield (worn)
Wands
 f - a wand of acid (12)
Scrolls
 i - 3 scrolls of teleportation
 j - 2 scrolls of immolation
Potions
 d - a potion of might
 l - a potion of resistance {unknown}


   Skills:
 + Level 3.6 Fighting
 + Level 2.5 Polearms
 + Level 4.3 Armour
 + Level 0.3 Dodging
 + Level 0.3 Stealth
 + Level 4.1 Shields


You had 3 spell levels left.
You didn't know any spells.
Your spell library contained the following spells:

 Spells                   Type           Power      Damage    Failure   Level
 Corona                   Hex            0%         N/A       99%         1
 Ensorcelled Hibernation  Hex/Ice        0%         N/A       100%        2
 Confusing Touch          Hex            0%         N/A       100%        3
 Dazzling Flash           Conj/Hex       0%         N/A       100%        3
 Tukima's Dance           Hex            0%         N/A       100%        3


Dungeon Overview and Level Annotations

Branches:
Dungeon (3/15)

Altars:
Uskayaw


Innate Abilities, Weirdness & Mutations

You are immune to sickness and miasma.
Your stone body is resilient. (AC +3)
You are immune to poison.
You resist negative energy. (rN+)
You are resistant to electric shocks. (rElec)
You are resistant to unholy torment.
You are immune to petrification.


Message History

The bat hits you but does no damage. The kobold hits you but does no damage.
You block the adder's attack. The worm bites you!
You hit the adder.
The adder is moderately wounded.
The bat hits you but does no damage. You block the adder's attack.
You block the kobold's attack. You block the adder's attack.
You closely miss the kobold. You block the bat's attack.
You block the kobold's attack. The worm closely misses you.
The adder bites you but does no damage. The bat hits you but does no damage.
You hit the kobold.
The kobold is severely wounded.
The bat hits you but does no damage. You block the kobold's attack.
You block the adder's attack. You block the bat's attack. The worm bites you.
The kobold hits you with a +0 short sword.
The adder bites you but does no damage.
You closely miss the kobold.
The kobold is severely wounded.
The bat hits you. The adder closely misses you. You block the kobold's attack.
You block the bat's attack. The worm closely misses you.
You hit the kobold.
You kill the kobold!
The bat hits you but does no damage. The adder bites you.
* * * LOW HITPOINT WARNING * * *
The adder bites you but does no damage. The bat hits you but does no damage.
You block the bat's attack. You block the worm's attack. The adder bites you.
* * * LOW HITPOINT WARNING * * *
Things that are here:
a +0 short sword; 2 stones; a kobold corpse The bat hits you but does no damage.
There is a stone staircase leading up here.
You block the bat's attack. You block the adder's attack.
The worm closely misses you.
You climb upwards.
There is a stone staircase leading down here.
You feel very mighty all of a sudden. The adder barely misses you.
The adder bites you but does no damage. You block the worm's attack.
You barely miss the worm. The adder bites you.
You die...

#..#.##..#.# #.## #..#..#
####..#.##..#.# #..#
#.⌠..##
#.....#.###.#.######.#
#..#.#
#.#.....###.......##.#
##...#
..................##.#
#####
.............#....##.#
.............###.###.#
..............##.###†#
.[..........#.##@w##.##
............#...#S##..#
.#....##.######...###.#####
.........#### ###.........#
...##.......# #.###.....#
#.###.).....#####.# #.....#
..###....(......#.###.....#
...##...)...###....##.....#
.#.##.####### ####..#.....#


You could see a worm and an adder.

Vanquished Creatures
  Jessica (D:2)
  An adder (D:2)
  2 dart slugs
  4 ball pythons
  2 bats (D:2)
  7 endoplasms
  6 goblins
  3 hobgoblins
  9 jackals
  5 kobolds
  5 quokkas
  5 rats
50 creatures vanquished.

Vanquished Creatures (others)
  13 plants (D:2)
13 creatures vanquished.

Grand Total: 63 creatures vanquished

Notes
Turn   | Place    | Note
-------+----------+-------------------------------------------
     0 | D:1      | wesbby the Gargoyle Fighter began the quest for the Orb.
     0 | D:1      | Reached XP level 1. HP: 14/14 MP: 1/1
   171 | D:1      | Found a faded altar of an unknown god.
   250 | D:1      | Reached XP level 2. HP: 10/19 MP: 2/2
   628 | D:1      | Reached XP level 3. HP: 17/23 MP: 3/3
   999 | D:1      | Became a worshipper of Uskayaw the Reveller
   999 | D:1      | Reached * piety under Uskayaw
  1044 | D:2      | Reached ** piety under Uskayaw
  1122 | D:2      | Noticed Jessica
  1132 | D:2      | Killed Jessica
  1133 | D:2      | Reached XP level 4. HP: 22/28 MP: 4/4
  2061 | D:2      | Slain by an adder

Illustrated notes

Levels and vault maps discovered:
D:1:      eino_arrival_water_star, layout_loops_ring,
          hellmonk_ecumenical_altar_blasted
D:2:      layout_rooms, hangedman_feature_mirror, serial_bayou_crossing,
          uniq_jessica
D:3:      layout_loops_ring

Skill      XL: |  1  2  3 |
---------------+----------+-----
Polearms       | 2 |  2.5
Armour         | 4 |  4.3
Shields        | 4 |  4.1
Fighting       | |  3.6
Dodging        | |  0.3
Stealth        | |  0.3

Action                   |  1- 3 |  4- 6 || total
-------------------------+-------+-------++-------
Melee: Trident           |    93 |    89 ||   182
       Spear             |       |    24 ||    24
  Use: Scroll            |       |     4 ||     4
       Potion            |       |     2 ||     2
Armor: Scale mail        |    42 |   120 ||   162
Dodge: Dodged            |    21 |    81 ||   102
Block: Kite shield       |    46 |   106 ||   152

Table legend: (Time is in decaauts)
 A = Elapsed time spent in this place.
 B = Non-inter-level travel time spent in this place.
 C = Inter-level travel time spent in this place.
 D = Time resting spent in this place.
 E = Time spent auto-exploring this place.
 F = Levels seen in this place.
 G = Mean time per level.
                   A        B        C        D        E       F      G
               +--------+--------+--------+--------+--------+-----+--------+
         Total |   2166 |   1959 |    207 |      0 |   1501 |   3 |  722.0 |
       Dungeon |   2166 |   1959 |    207 |      0 |   1501 |   3 |  722.0 |
               +--------+--------+--------+--------+--------+-----+--------+

Top non-repeatable levels by time:
     D:2: 1073 daAuts
     D:1: 1069 daAuts
     D:3: 23 daAuts
